Unix NetHack Version 3.7.0-101 Work-in-progress - last build Mar 4 2024 13:34:30 (3c4ac04b664b9ee0831c739617f054b5b60dbfd1,branch:master). Game began 2024-03-10 11:15:06, ended 2024-03-10 11:20:44. Cloudmillion, lawful female human Valkyrie ---------- |.....<..+ |........| ---------- |......... ---------- ........| ---.------ |........| |........| ## #|........-#### |....$.... # #-........| ##########@u.......| # ###|........| |........| ### # #|........| |........| # ### ---------- ---------- ---.--------%## |...........## |..........| |..........| |..........| |..........| ------------ Cloudmillion the Skirmisher St:18/02 Dx:12 Co:18 In:9 Wi:8 Ch:8 Lawful Dlvl:5 $:80 HP:0(35) Pw:6(6) AC:6 Xp:3 T:1049 Latest messages: This fortune cookie is delicious! This cookie has a scrap of paper inside. It reads: They say that if you play like a monster you'll have a better game. You descend the stairs. You see here an emerald potion. B - an emerald potion. You miss the newt. You kill the newt! You see here a newt corpse. You are beginning to feel hungry. The door resists! The door opens. You find a hidden passage. You hear a slow drip. What do you want to eat? [dijv or ?*] j Blecch! Rotten food! The world spins and goes dark. You are conscious again. What do you want to eat? [dijv or ?*] j You consume the last bite of your meal. What do you want to eat? [div or ?*] i This cram ration is bland. You finish eating the cram ration. The door opens. The pony misses! The pony bites! The pony kicks! The pony bites! You miss the pony. The pony just misses! The pony bites! The pony kicks! The pony bites! You miss the pony. The pony kicks! The pony bites! You miss the pony. The pony kicks! The pony bites! You miss the pony. The pony kicks! The pony bites! The pony kicks! You die... Do you want your possessions identified? [ynq] (y) y Do you want to see your attributes? [ynq] (y) y Do you want an account of creatures vanquished? [ynaq] (y) y Do you want to see your conduct and achievements? [ynq] (y) y Do you want to see the dungeon overview? [ynq] (y) y Inventory: Coins $ - 80 gold pieces Weapons b - a +0 dagger (alternate weapon; not wielded) a - a +1 spear (weapon in right hand) Armor z - an uncursed +0 pair of low boots c - an uncursed +3 small shield (being worn) t - an uncursed +0 cloak of protection Comestibles i - an uncursed cram ration v - an uncursed cream pie d - 2 uncursed food rations Scrolls q - an uncursed scroll of fire e - an uncursed scroll of identify A - a cursed scroll of light k - an uncursed scroll of magic mapping y - a cursed scroll of teleportation Spellbooks f - an uncursed spellbook of confuse monster s - an uncursed spellbook of healing w - an uncursed spellbook of healing Potions B - an uncursed potion of gain ability Rings u - an uncursed +1 ring of gain constitution Tools p - an expensive camera (0:61) r - a cursed stethoscope g - an uncursed towel Gems/Stones l - an uncursed worthless piece of black glass m - an uncursed worthless piece of red glass n - an uncursed worthless piece of yellowish brown glass Cloudmillion the Valkyrie's attributes: Background: You were a Skirmisher, a level 3 human Valkyrie. You were lawful, nominally on a mission for Tyr who was opposed by Odin (neutral) and Loki (chaotic). You were right-handed. You were in the Dungeons of Doom, on level 5. You entered the dungeon 1049 turns ago. There was a new moon in effect when your adventure ended. You had 69 experience points, 11 more were needed to attain level 4. Basics: You had 0 out of 35 hit points. You had all 6 energy points (spell power). Your armor class was 6. Your wallet contained 80 zorkmids. Autopickup was off. Final Characteristics: Your strength was 18/02 (limit:18/100). Your dexterity was 12 (limit:18). Your constitution was 18 (limit:18). Your intelligence was 9 (limit:18). Your wisdom was 8 (limit:18). Your charisma was 8 (limit:18). Final Status: You weren't hungry. You were unencumbered. You were wielding a spear. You had basic skill with spear. Final Attributes: You were devoutly aligned. You were cold resistant. You were stealthy. You are dead. Miscellaneous: You never encountered a bones level. Total elapsed playing time was 5 minutes and 37 seconds. Major events: Turn 1: Cloudmillion the lawful human Valkyrie entered the dungeon 243: entered the Gnomish Mines 641: attained the rank of Skirmisher (level 3) 1049: killed by a pony Vanquished creatures: a homunculus an orc zombie a giant rat a gnome zombie 3 geckos 2 jackals 2 kobolds 2 goblins 5 grid bugs 3 lichens 3 newts 24 creatures vanquished. No species were genocided or became extinct. Voluntary challenges: You were vegetarian. You were an atheist. You read items or engraved 1 time. You never engraved Elbereth. You never genocided any monsters. You never polymorphed an object. You never changed form. You used no wishes. Achievements: You entered the Gnomish Mines. You entered a shop. You attained the rank of Skirmisher. The Dungeons of Doom: levels 1 to 5 Level 1: A fountain. Level 2: A fountain. Stairs down to The Gnomish Mines. Level 3: Level 4: Level 5: <- You were here. Final resting place for you, killed by a pony. The Gnomish Mines: Level 3: Game over: ---------- / \ / REST \ / IN \ / PEACE \ / \ | Cloudmillion | | 80 Au | | killed by a pony | | | | | | | | 2024 | *| * * * | * _________)/\\_//(\/(/\)/\//\/|_)_______ Farvel Cloudmillion the Valkyrie... You died in The Dungeons of Doom on dungeon level 5 with 548 points, and 80 pieces of gold, after 1049 moves. You were level 3 with a maximum of 35 hit points when you died.